 Dungeon Crawl Stone Soup version 0.18.1-50-g88ac8fd (webtiles) character file.

3712 Aguirre the Protected (level 9, -7/81 HPs)
             Began as a Minotaur Berserker on Oct 14, 2016.
             Was an Elder of Trog.
             Mangled by a two-headed ogre
             ... wielding a +0 giant club
              (12 damage)
             ... on level 9 of the Dungeon.
             The game lasted 00:58:53 (10174 turns).

Aguirre the Protected (Minotaur Berserker)         Turns: 10174, Time: 00:58:54

Health: -7/81      AC: 13    Str: 23    XL:     9   Next: 91%
Magic:  8/8        EV: 11    Int:  6    God:    Trog [****..]
Gold:   447        SH:  0    Dex: 10    Spells: 0 memorised, 8 levels left

rFire  . . .     SeeInvis .     a - +0 hand axe
rCold  + . .     Gourm    .     H - +1 chain mail {rC+}
rNeg   . . .     Faith    .     (no shield)
rPois  .         Spirit   .     (helmet restricted)
rElec  .         Dismiss  .     (no cloak)
rCorr  +         Reflect  .     g - +0 pair of gloves
SustAt .         Harm     .     (no boots)
MR     .....                    (no amulet)
Stlth  ..........               (no ring)
                                u - ring of resist corrosion

@: about to teleport, not resistant to hostile enchantments, extremely
unstealthy
A: retaliatory headbutt, horns 2
a: Berserk, Trog's Hand, Brothers in Arms, Burn Spellbooks, Renounce Religion


You were on level 9 of the Dungeon.
You worshipped Trog.
Trog was greatly pleased with you.
You were not hungry.

You visited 2 branches of the dungeon, and saw 10 of its levels.

You collected 447 gold pieces.

Inventory:

Hand Weapons
 a - a +0 hand axe (weapon)
 b - the +6 arbalest "Damnation" {damnation, rF++ rC- MR+}
   (You found it on level 7 of the Dungeon)

   It greatly protects you from fire.
   It makes you vulnerable to cold.
   It affects your resistance to hostile enchantments.
 C - a +0 dagger of flaming
 G - a +0 shortbow
 O - a +0 hunting sling
 W - a +0 blowgun
Missiles
 i - 138 arrows
 k - 418 stones
 o - 75 sling bullets
 t - 107 bolts
 x - 6 tomahawks (quivered)
 M - 3 throwing nets
 R - 16 poisoned needles
 S - 3 javelins
Armour
 g - a +0 pair of gloves (worn)
 H - a +1 chain mail of cold resistance (worn)
 P - a +0 buckler
Jewellery
 u - a ring of resist corrosion (left hand)
Wands
 p - a wand of flame (20/48)
 D - a wand of lightning (6/15)
 I - a wand of iceblast (11/15)
 N - a wand of teleportation (2/9)
 Y - a wand of iceblast (9/15)
Scrolls
 f - 5 scrolls of teleportation
 n - 4 scrolls of remove curse
 q - a scroll of fear {unknown}
 r - 5 scrolls of identify
 s - a scroll of enchant armour {unknown}
 v - a scroll of silence {unknown}
 y - 2 scrolls of magic mapping {unknown}
 z - 2 scrolls of random uselessness {unknown}
 A - a scroll of noise {unknown}
 Q - a scroll of enchant weapon {unknown}
 T - a scroll of vulnerability {unknown}
Potions
 e - 2 potions of brilliance {unknown}
 j - 3 potions of agility
 l - 2 potions of heal wounds {unknown}
 m - 2 potions of lignification
 B - 2 potions of curing {unknown}
 J - 2 potions of degeneration {unknown}
 K - a potion of flight {unknown}
 U - a potion of invisibility {unknown}
Books
 d - a book of Power

   Spells                             Type                      Level
   a - Fulminant Prism                Conjuration/Hexes            4
   b - Iskenderun's Mystic Blast      Conjuration                  4
   c - Venom Bolt                     Conjuration/Poison           5
   d - Bolt of Magma                  Conjuration/Fire/Earth       5
   e - Iron Shot                      Conjuration/Earth            6
   f - Orb of Destruction             Conjuration                  7
   g - Spellforged Servitor           Conjuration/Summoning        7
   Trog disapproves of the use of such an item.
 F - a book of Envenomations

   Spells                             Type                      Level
   a - Spider Form                    Transmutation/Poison         3
   b - Olgreb's Toxic Radiance        Poison                       4
   c - Alistair's Intoxication        Transmutation/Poison         5
   d - Poisonous Cloud                Conjuration/Poison/Air       6
   Trog disapproves of the use of such an item.
 L - a book of the Sky

   Spells                             Type                      Level
   a - Summon Lightning Spire         Summoning/Air                4
   b - Airstrike                      Air                          4
   c - Silence                        Hexes/Air                    5
   d - Deflect Missiles               Charms/Air                   6
   e - Conjure Ball Lightning         Conjuration/Air              6
   f - Tornado                        Air                          9
   Trog disapproves of the use of such an item.
Comestibles
 c - 4 bread rations
 h - 11 fruits
 w - 5 beef jerkies


   Skills:
 + Level 8.1 Fighting
 + Level 8.7 Axes
 + Level 3.4(3.9) Slings
 + Level 1.3 Crossbows
 + Level 2.4(3.2) Throwing
 + Level 9.6 Armour
 + Level 6.9 Dodging
 + Level 1.5 Stealth
 + Level 0.3 Evocations


You had 8 spell levels left.
You didn't know any spells.

Dungeon Overview and Level Annotations

Branches:
Dungeon (9/15)             Temple (1/1) D:6
   Lair: D:8-11         Orc: D:9-12

Altars:
Ashenzari
Cheibriados
Dithmenos
Elyvilon
Fedhas
Gozag
Kikubaaqudgha
Makhleb
Nemelex Xobeh
Okawaru
Pakellas
Qazlal
Ru
Sif Muna
Trog
Vehumet
Xom
Yredelemnul
Zin
The Shining One

Shops:
D:8 [


Innate Abilities, Weirdness & Mutations

You reflexively headbutt those who attack you in melee.
You have a pair of horns on your head.


Message History

The two-headed ogre is heavily wounded.
You slash the two-headed ogre!
The two-headed ogre is severely wounded.
The two-headed ogre hits you with a giant club!!
* * * LOW HITPOINT WARNING * * *
The two-headed ogre hits you with a giant club.
* * * LOW HITPOINT WARNING * * *
You hit the two-headed ogre but do no damage.
You headbutt the two-headed ogre.
The two-headed ogre is almost dead.
The two-headed ogre hits you with a giant club!
* * * LOW HITPOINT WARNING * * *
The two-headed ogre misses you.
The wyvern hisses menacingly.
Evoke which item? (* to show all) (? for menu, Esc to quit)
Zapping:
N - a wand of teleportation (3/9)
Press: ? - help, Shift-Dir - straight line, f - you You feel strangely unstable.
This wand has 2 charges left.
The two-headed ogre hits you with a giant club!
You die...

# #####.# . #...# #.#### #
#.# ###########.#.#....# #
#.#####...........#.####.#
#
#.....#.####......#...##.#
# #####.# ###.##.###
#....# # #.#
#...##.#####..#.# # #.#
#.####.#......... #
#.#.##.# #.#.######.# #
#.#lO@.# #......#.... #
#[####.# ###.#.##.### #
#.###########.#.##.# #
#.............#....# #
#################### #


You could see a two-headed ogre and a wyvern.

Vanquished Creatures
  The ghost of fishi the Martial Artist, a novice OpGl (D:7)
  A two-headed ogre (D:7)
  2 hungry ghosts
  A water moccasin (D:9)
  2 phantoms
  2 ice beasts (D:9)
  3 ogres
  A centaur (D:8)
  A big kobold (D:9)
  4 giant frogs
  2 scorpions
  6 killer bees (D:8)
  2 howler monkeys
  3 crimson imps
  A giant frog zombie (D:8)
  4 hounds
  2 jellies
  3 orc priests
  A giant frog skeleton (D:9)
  Jessica (D:3)
  5 iguanas
  5 orc wizards
  5 worker ants
  A statue (D:9)
  A hound zombie (D:9)
  3 hound skeletons
  A worker ant zombie (D:6)
  8 gnolls
  17 adders
  An ooze (D:4)
  2 adder zombies
  An adder skeleton (D:4)
  2 worms (D:3)
  A dart slug (D:2)
  2 giant geckos
  24 orcs
  3 bat zombies (D:5)
  7 giant cockroaches
  7 goblins
  9 hobgoblins
  12 jackals
  A quokka (D:9)
  2 ball pythons (D:2)
  8 bats
  A giant gecko skeleton (D:4)
  A giant gecko zombie (D:7)
  10 giant newts
  11 kobolds
  A quokka skeleton (D:4)
  3 rats
  2 rat zombies (D:5)
200 creatures vanquished.

Notes
Turn   | Place    | Note
--------------------------------------------------------------
     0 | D:1      | Aguirre the Minotaur Berserker began the quest for the Orb.
     0 | D:1      | Reached XP level 1. HP: 19/19 MP: 0/0
   246 | D:1      | Reached XP level 2. HP: 14/27 MP: 1/1
   538 | D:1      | Reached XP level 3. HP: 16/33 MP: 2/2
   940 | D:1      | Reached ** piety under Trog
  1317 | D:2      | You fall through a shaft for 2 floors!
  1323 | D:4      | Noticed a scorpion
  1336 | D:4      | Killed a scorpion
  1336 | D:4      | Reached skill level 3 in Armour
  1336 | D:4      | Reached XP level 4. HP: 33/41 MP: 3/3
  1400 | D:4      | Reached skill level 5 in Fighting
  1403 | D:4      | Reached XP level 5. HP: 38/48 MP: 4/4
  1743 | D:2      | Found a snail-covered altar of Cheibriados.
  2100 | D:2      | Reached *** piety under Trog
  2100 | D:2      | Reached skill level 4 in Armour
  2398 | D:3      | HP: 1/48 [orc priest/divine providence (13)]
  2407 | D:2      | Reached XP level 6. HP: 14/56 MP: 5/5
  2706 | D:3      | Noticed Jessica
  2717 | D:3      | Killed Jessica
  2739 | D:3      | Reached skill level 5 in Axes
  2942 | D:3      | Reached skill level 1 in Throwing
  3272 | D:3      | Found a blossoming altar of Fedhas.
  4102 | D:4      | Reached skill level 5 in Armour
  4102 | D:4      | Reached XP level 7. HP: 56/62 MP: 6/6
  4196 | D:5      | Entered Level 5 of the Dungeon
  4413 | D:5      | Found a glowing silver altar of Zin.
  4488 | D:5      | Reached skill level 5 in Dodging
  4669 | D:5      | Found an ancient bone altar of Kikubaaqudgha.
  5188 | D:5      | Reached skill level 6 in Armour
  5407 | D:5      | Reached XP level 8. HP: 68/71 MP: 7/7
  5630 | D:5      | Found a bloodstained altar of Trog.
  5733 | D:5      | Reached **** piety under Trog
  6174 | D:6      | Found a staircase to the Ecumenical Temple.
  6206 | Temple   | Entered the Ecumenical Temple
  6810 | D:7      | Reached skill level 7 in Armour
  7018 | D:7      | Noticed fishi's ghost (novice OpGl)
  7026 | D:7      | Killed fishi's ghost
  7026 | D:7      | Reached skill level 1 in Slings
  7242 | D:7      | Noticed a two-headed ogre
  7249 | D:7      | Killed a two-headed ogre
  7249 | D:7      | Reached skill level 1 in Stealth
  7249 | D:7      | Reached XP level 9. HP: 66/79 MP: 8/8
  7514 | D:7      | Found a stormy altar of Qazlal.
  7992 | D:8      | Reached skill level 8 in Armour
  8347 | D:8      | Found a shadowy altar of Dithmenos.
  8873 | D:8      | Found a sparkling altar of Nemelex Xobeh.
  8918 | D:8      | Found Igrufy's Antique Armour Shop.
  9035 | D:8      | Found a glowing golden altar of the Shining One.
  9189 | D:9      | Found a radiant altar of Vehumet.
  9346 | D:9      | Reached skill level 1 in Crossbows
  9346 | D:9      | Reached skill level 9 in Armour
  9883 | D:9      | Received a gift from Trog
 10174 | D:9      | Mangled by a two-headed ogre

Skill      XL: |  1  2  3  4  5  6  7  8  9 |
---------------+----------------------------+-----
Fighting       | 4 5 6 7 8 |  8.1
Axes           | 4 5 6 7 8 |  8.7
Armour         | 3 4 5 6 7 9 |  9.6
Dodging        | 3 4 5 6 |  6.9
Throwing       | 1 2 |  2.4
Slings         | 1 3 |  3.4
Stealth        | 1 |  1.5
Crossbows      | 1 |  1.3
Evocations     | |  0.3

Action                   |  1- 3 |  4- 6 |  7- 9 || total
-------------------------+-------+-------+-------++-------
Melee: Hand axe          |    63 |   180 |   379 ||   622
       Headbutt          |    10 |    31 |    70 ||   111
 Fire: Hunting sling     |       |       |    36 ||    36
       Arbalest          |       |       |    10 ||    10
Throw: Stone             |     2 |     4 |       ||     6
       Tomahawk          |       |    14 |     8 ||    22
Invok: Trog's Hand       |       |     3 |     2 ||     5
       Burn Spellbooks   |       |     1 |     2 ||     3
       Berserk           |       |     1 |     1 ||     2
Evoke: Wand              |       |       |     2 ||     2
  Use: Scroll            |       |       |     7 ||     7
  Eat: Royal jelly       |     1 |       |     1 ||     2
       Chunk             |       |     9 |     7 ||    16
       Meat ration       |       |       |     4 ||     4
       Bread ration      |       |       |     1 ||     1
Armor: Animal skin       |     9 |       |       ||     9
       Ring mail         |     7 |    72 |    31 ||   110
       Chain mail        |       |       |   138 ||   138
Dodge: Dodged            |    45 |   110 |   216 ||   371
